 Dungeon Crawl Stone Soup version 0.19-a0-585-ge40200b (webtiles) character file.

8276 Duffy the Martial Artist (level 11, 0/97 HPs)
             Began as a Grey Draconian Transmuter on June 9, 2016.
             Was a Priest of Cheibriados.
             Killed from afar by removeelyvilon's ghost (41 damage)
             ... with a bolt of negative energy
             ... on level 10 of the Dungeon.
             The game lasted 00:15:57 (7907 turns).

Duffy the Martial Artist (DrTm)                     Turns: 7907, Time: 00:15:57

Health: 0/97       AC: 14    Str: 21    XL:     11   Next: 7%
Magic:  15/15      EV: 15    Int: 20    God:    Cheibriados [***...]
Gold:   521        SH:  0    Dex: 20    Spells: 3 memorised, 4 levels left

rFire  . . .     SeeInvis +       - Unarmed
rCold  + . .     Gourm    .     (armour unavailable)
rNeg   . . .     Faith    .     (no shield)
rPois  .         Spirit   .     (helmet restricted)
rElec  .         Dismiss  .     z - +0 cloak
rCorr  .         Reflect  .     A - +0 pair of gloves
SustAt .         Harm     .     (no boots)
MR     .....     Clarity  +     v - amulet of regeneration
Stlth  ++........               m - ring of see invisible
                                q - +2 ring of strength

@: heavily drained, very slow, not resistant to hostile enchantments, unstealthy
A: walk through water, unfitting armour, clarity, cold resistance 1,
regeneration 1, unbreathing, cold-blooded, AC +12
a: Bend Time, Temporal Distortion, Renounce Religion


You were on level 10 of the Dungeon.
You worshipped Cheibriados.
Cheibriados was most pleased with you.
You were hungry.

You visited 2 branches of the dungeon, and saw 11 of its levels.

You collected 521 gold pieces.


Innate Abilities, Weirdness & Mutations

You can walk through water.
Your dull iron-grey scales are very hard. (AC +12)
Your body does not fit into most forms of armour.
You can survive without breathing.
You are cold-blooded and may be slowed by cold attacks.
You possess an exceptional clarity of mind.
Your flesh is cold resistant. (rC+)
Your natural rate of healing is unusually fast.


   Skills:
 + Level 9.6(8.1) Fighting
 - Level 6.2(4.8) Dodging
 + Level 11.7(10.1) Unarmed Combat
 - Level 2.0(0.7) Spellcasting
 - Level 3.0(1.7) Transmutations
 - Level 2.0(0.7) Poison Magic
 + Level 6.3(4.9) Invocations


You had 4 spell levels left.
You knew the following spells:

 Your Spells              Type           Power        Failure   Level  Hunger
a - Spider Form           Tmut/Pois      #.........   38%         3    ####...
i - Blade Hands           Tmut           #.........   100%        5    ######.
s - Sticks to Snakes      Tmut           #.......     17%         2    ###....

Inventory:

Missiles
 a - 145 arrows
 p - a throwing net
 s - 7 poisoned javelins (quivered)
Armour
 z - a +0 cloak (worn)
 A - a +0 pair of gloves (worn)
Jewellery
 m - a ring of see invisible (right hand)
 q - a +2 ring of strength (left hand)
 v - an amulet of regeneration (around neck)
 y - a +3 amulet of reflection
Wands
 e - a wand of polymorph (6/24)
 i - a wand of teleportation (3/9)
 w - a wand of heal wounds (5/9)
 x - a wand of enslavement (9/24)
Scrolls
 h - 3 scrolls of fear
 k - a scroll of silence
 l - 3 scrolls of enchant armour
 n - a scroll of recharging
 o - 6 scrolls of remove curse
 r - 3 scrolls of immolation
 u - 5 scrolls of teleportation
 C - a scroll of magic mapping
Potions
 f - 3 potions of cancellation
 t - 2 potions of curing
 E - a potion of magic
Books
 b - a book of Changes
Comestibles
 c - 7 bread rations
 d - 6 meat rations
 g - 4 beef jerkies
 j - 2 fruits
 B - a chunk of flesh
 D - a royal jelly

Dungeon Overview and Level Annotations

Branches:
Dungeon (10/15)            Temple (1/1) D:6
   Lair: D:8-11         Orc: D:9-12

Altars:
Ashenzari
Cheibriados
Dithmenos
Elyvilon
Fedhas
Gozag
Hepliaklqana
Kikubaaqudgha
Makhleb
Nemelex Xobeh
Okawaru
Pakellas
Qazlal
Ru
Sif Muna
Trog
Uskayaw
Vehumet
Xom
Yredelemnul
Zin
The Shining One

Shops:
D:5 =   D:9 *

Annotations:
D:10 removeelyvilon's ghost, journeyman DrTm


Message History

You miss removeelyvilon's ghost.
Removeelyvilon's ghost is severely damaged.
Removeelyvilon's ghost misses you.
You completely miss removeelyvilon's ghost.
Your punch misses removeelyvilon's ghost.
Removeelyvilon's ghost is severely damaged.
Removeelyvilon's ghost hits you!
You completely miss removeelyvilon's ghost.
Your tail-slap misses removeelyvilon's ghost.
Removeelyvilon's ghost is severely damaged.
Removeelyvilon's ghost breathes negative energy at you.
The bolt of negative energy misses you.
You completely miss removeelyvilon's ghost.
Your tail-slap misses removeelyvilon's ghost.
Removeelyvilon's ghost is severely damaged.
You miss removeelyvilon's ghost. You tail-slap removeelyvilon's ghost.
Removeelyvilon's ghost is severely damaged.
Removeelyvilon's ghost barely misses you.
You miss removeelyvilon's ghost.
Your tail-slap misses removeelyvilon's ghost.
Removeelyvilon's ghost is severely damaged.
Removeelyvilon's ghost hits you.
You are too injured to fight recklessly!
You are too injured to fight recklessly!
You are too injured to fight recklessly!
You are too injured to fight recklessly!
You miss removeelyvilon's ghost.
Your tail-slap misses removeelyvilon's ghost.
Removeelyvilon's ghost is severely damaged.
Removeelyvilon's ghost completely misses you.
You miss removeelyvilon's ghost.
Your tail-slap misses removeelyvilon's ghost.
Your punch misses removeelyvilon's ghost.
Removeelyvilon's ghost is severely damaged.
Removeelyvilon's ghost breathes negative energy at you.
The bolt of negative energy misses you.
You hit removeelyvilon's ghost but do no damage.
Removeelyvilon's ghost is severely damaged.
You punch removeelyvilon's ghost!
Removeelyvilon's ghost is almost destroyed.
Removeelyvilon's ghost hits you!
You hit removeelyvilon's ghost but do no damage.
Removeelyvilon's ghost is almost destroyed.
Removeelyvilon's ghost hits you but does no damage.
You punch removeelyvilon's ghost!
Your tail-slap misses removeelyvilon's ghost.
Removeelyvilon's ghost is almost destroyed.
Removeelyvilon's ghost breathes negative energy at you.
The bolt of negative energy hits you!
You feel drained.
You die...

............... .##.#
.........%....## ....#
#...........#..##.#.$#
.....................
#..........W........
#.................#### #
#.........##.###.....##..
#...>..)..%....W.........
#......%..##.###@#...##
#....%...............#
......>...######(#...#
..###.##### #.#...#
.##...# ###.#...# ....###
#...#####
...###########.###
...)....(.(....#
..)...(..<...###


You could see removeelyvilon's ghost.

Action                   |  1- 3 |  4- 6 |  7- 9 | 10-12 || total
-------------------------+-------+-------+-------+-------++-------
Melee: Unarmed           |   168 |   232 |   347 |   210 ||   957
       Tailslap          |    15 |    14 |    34 |    23 ||    86
       Punch             |     3 |     2 |    13 |     6 ||    24
Throw: Javelin           |       |       |     1 |       ||     1
 Cast: Spider Form       |       |    10 |    13 |     7 ||    30
       Blade Hands       |       |       |     1 |       ||     1
 Abil: End Transformatio |       |       |       |     1 ||     1
  Use: Scroll            |     5 |     8 |     5 |     3 ||    21
       Potion            |     1 |       |     1 |       ||     2
 Stab: Sleeping          |       |     2 |       |       ||     2
  Eat: Chunk             |     2 |     8 |     8 |     3 ||    21
       Bread ration      |       |     1 |       |       ||     1
Armor: Skin              |    41 |    42 |    87 |    33 ||   203
Dodge: Dodged            |    95 |   135 |   247 |   122 ||   599

Notes
Turn   | Place    | Note
--------------------------------------------------------------
     0 | D:1      | Duffy the Draconian Transmuter began the quest for the Orb.
     0 | D:1      | Reached XP level 1. HP: 16/16 MP: 3/3
   267 | D:1      | Reached XP level 2. HP: 14/23 MP: 5/5
   486 | D:1      | Learned a level 2 spell: Sticks to Snakes
   771 | D:1      | Gained mutation: Your flesh is cold resistant. (rC+) [potion of mutation]
   771 | D:1      | Gained mutation: You possess an exceptional clarity of mind. [potion of mutation]
   771 | D:1      | Gained mutation: Your natural rate of healing is unusually fast. [potion of mutation]
  1019 | D:1      | Reached skill level 4 in Unarmed Combat
  1019 | D:1      | Reached XP level 3. HP: 13/28 MP: 6/6
  1156 | D:1      | Learned a level 3 spell: Spider Form
  1425 | D:2      | Reached skill level 1 in Poison Magic
  1487 | D:2      | Reached XP level 4. HP: 32/35 MP: 7/7
  1979 | D:2      | Found a basalt altar of Yredelemnul.
  2152 | D:3      | Reached skill level 2 in Poison Magic
  2419 | D:3      | Reached skill level 5 in Unarmed Combat
  2419 | D:3      | Reached XP level 5. HP: 27/40 MP: 4/8
  2534 | D:3      | Noticed Natasha
  2688 | D:3      | Reached skill level 3 in Transmutations
  2782 | D:3      | Killed Natasha
  2944 | D:3      | Reached XP level 6. HP: 47/47 MP: 9/9
  3197 | D:4      | Reached skill level 6 in Unarmed Combat
  3495 | D:5      | Entered Level 5 of the Dungeon
  3711 | D:5      | Found Iwiumm's Jewellery Boutique.
  3738 | D:5      | Noticed a sky beast
  3750 | D:5      | Killed a sky beast
  3750 | D:5      | Reached skill level 7 in Unarmed Combat
  3779 | D:5      | Reached XP level 7. HP: 52/52 MP: 10/10
  3779 | D:5      | Gained mutation: You can survive without breathing. [Grey Draconian growth]
  3829 | D:5      | Noticed Sigmund
  3841 | D:5      | Killed Sigmund
  4152 | D:6      | Found a radiant altar of Vehumet.
  4162 | D:6      | Reached skill level 8 in Unarmed Combat
  4202 | D:6      | Reached skill level 2 in Fighting
  4202 | D:6      | Reached skill level 2 in Dodging
  4235 | D:6      | Noticed a troll
  4248 | D:6      | Killed a troll
  4248 | D:6      | Reached skill level 3 in Fighting
  4248 | D:6      | Reached XP level 8. HP: 41/63 MP: 7/11
  4414 | D:6      | Reached skill level 3 in Dodging
  4650 | D:6      | Reached skill level 4 in Fighting
  4722 | D:6      | Found a staircase to the Ecumenical Temple.
  4729 | Temple   | Entered the Ecumenical Temple
  4977 | Temple   | Learned a level 5 spell: Blade Hands
  5048 | D:6      | Reached skill level 9 in Unarmed Combat
  5413 | D:7      | Reached skill level 4 in Dodging
  5446 | D:7      | Found a snail-covered altar of Cheibriados.
  5451 | D:7      | Became a worshipper of Cheibriados the Contemplative
  5468 | D:7      | Found an ancient bone altar of Kikubaaqudgha.
  5524 | D:7      | Reached skill level 5 in Fighting
  5620 | D:7      | Reached XP level 9. HP: 74/74 MP: 12/12
  5634 | D:7      | Found a shadowy altar of Dithmenos.
  5740 | D:7      | Found a blossoming altar of Fedhas.
  5812 | D:7      | Noticed Crazy Yiuf
  5818 | D:7      | Killed Crazy Yiuf
  5906 | D:7      | Found a hide-covered altar of Uskayaw.
  5906 | D:7      | Noticed a dagger
  5906 | D:7      | Noticed a dagger
  6012 | D:8      | Reached skill level 5 in Dodging
  6033 | D:8      | Found a glowing golden altar of the Shining One.
  6074 | D:8      | Identified Soqocattax's Primer on Theurgy
  6084 | D:8      | Reached * piety under Cheibriados
  6225 | D:8      | Reached skill level 6 in Fighting
  6229 | D:8      | Noticed Joseph
  6244 | D:8      | Killed Joseph
  6244 | D:8      | Reached skill level 10 in Unarmed Combat
  6476 | D:7      | Found a white marble altar of Elyvilon.
  6675 | D:9      | Noticed Maurice
  6693 | D:9      | Killed Maurice
  6693 | D:9      | Reached ** piety under Cheibriados
  6693 | D:9      | Reached skill level 7 in Fighting
  6693 | D:9      | Reached skill level 6 in Dodging
  6763 | D:9      | Noticed Amnesiac's ghost (novice DEEE)
  6776 | D:9      | Killed Amnesiac's ghost
  6776 | D:9      | Reached skill level 2 in Invocations
  6776 | D:9      | Reached XP level 10. HP: 83/86 MP: 8/13
  6825 | D:9      | Found a shattered altar of Ashenzari.
  6879 | D:9      | Found an opulent altar of Gozag.
  6904 | D:9      | Reached skill level 3 in Invocations
  6912 | D:9      | Reached skill level 8 in Fighting
  7006 | D:9      | Found Zin's Purification Station.
  7006 | D:9      | Found a glowing silver altar of Zin.
  7245 | D:9      | Reached skill level 11 in Unarmed Combat
  7245 | D:9      | Reached skill level 4 in Invocations
  7384 | D:9      | Reached skill level 5 in Invocations
  7532 | D:10     | Entered Level 10 of the Dungeon
  7534 | D:10     | Noticed Fannar
  7567 | D:9      | Killed Fannar
  7567 | D:9      | Reached skill level 9 in Fighting
  7738 | D:10     | Reached skill level 6 in Invocations
  7776 | D:10     | Noticed a hill giant
  7788 | D:10     | Killed a hill giant
  7788 | D:10     | Reached XP level 11. HP: 54/97 MP: 12/15
  7859 | D:10     | Reached *** piety under Cheibriados
  7861 | D:10     | Noticed removeelyvilon's ghost (journeyman DrTm)
  7907 | D:10     | Killed from afar by removeelyvilon's ghost

Skill      XL: |  1  2  3  4  5  6  7  8  9 10 |
---------------+-------------------------------+-----
Unarmed Combat | 4 5 7 8 9 10 11 | 11.7
Poison Magic   | 1 2 |  2.0
Transmutations | 3 |  3.0
Fighting       | 3 5 7 9 |  9.6
Dodging        | 2 4 6 |  6.2
Invocations    | 2 6 |  6.3
Spellcasting   | |  2.0

Vault maps used:
D:1:      dpeg_arrival_three_smaller_balls
D:2:      lemuel_zombie_altar_yredelemnul
D:3:      uniq_natasha
D:5:      serial_shops, shop_statue, first_bread, uniq_sigmund
D:6:      nicolae_overflow_crystal_walls, minmay_temple_entry_statues_fountains
D:7:      lemuel_upstairs_altar, dancing_weapons_uskayaw, lemuel_crystal_altar,
          overflow_temple_1_default, kennysheep_little_box, basic_altar,
          uniq_crazy_yiuf_cottage
D:8:      nicolae_tso_besieged_by_evil, minmay_misc_feat_five, uniq_joseph
D:9:      lemuel_coloured_pillars_altar,
          nicolae_gozag_cash_rules_everything_around_me, zin_purify,
          uniq_maurice
D:10:     uniq_fannar
Temple:   oiseaux_autumnal_temple_12

Vanquished Creatures
  Fannar
  The ghost of Amnesiac the Geomancer, a novice DEEE of Dithmenos
  A hill giant Maurice Joseph
  A centaur zombie
  A troll Sigmund
  A wraith
  A hippogriff
  A hungry ghost
  12 yaks
  A water moccasin
  5 ice beasts
  A black bear
  2 orc warriors
  A sky beast
  2 centaurs
  A necrophage
  3 ogres
  2 big kobolds
  3 giant frogs
  7 crimson imps
  A giant frog zombie
  3 hounds Crazy Yiuf
  5 orc priests
  3 orc wizards
  A giant frog skeleton
  5 iguanas Natasha
  6 worker ants
  A hound skeleton
  13 adders
  3 shadow imps
  An ooze
  An adder zombie
  2 adder skeletons
  2 worms
  3 dart slugs
  4 giant geckos
  49 orcs
  8 bats
  4 giant cockroaches
  9 goblins
  5 hobgoblins
  6 jackals
  4 quokkas
  3 giant gecko skeletons
  4 giant newts
  2 gnoll zombies
  A goblin skeleton
  A goblin zombie
  2 hobgoblin zombies
  11 kobolds
  A kobold zombie
  An orc skeleton
  2 orc zombies
  8 rats
228 creatures vanquished.
